 Dungeon Crawl Stone Soup version 0.22-a0-469-gf26638a (webtiles) character file.

1121 Laiders72 the Magician (level 8, -5/58 HPs)
             Began as a Gnoll Wizard on June 12, 2018.
             Was an Initiate of Ashenzari.
             Shot with an arrow by a centaur (11 damage)
             ... on level 5 of the Dungeon.
             The game lasted 00:18:38 (4823 turns).

Laiders72 the Magician (Gnoll Wizard)               Turns: 4823, Time: 00:18:39

Health: -5/58      AC:  3    Str: 10    XL:     8   Next: 34%
Magic:  7/28       EV: 15    Int: 21    God:    Ashenzari [......]
Gold:   85         SH:  5    Dex: 15    Spells: 9/22 levels left

rFire    . . .     SeeInvis .   h - +10 hand axe "Teiclem" {pain, +Blink +Fly Stlth+} (curse)
rCold    . . .     Gourm    .   f - +0 buckler
rNeg     . . .     Faith    .   a - +0 robe
rPois    .         Spirit   .   b - +0 hat
rElec    .         Reflect  .   n - scarf {cloud immunity}
rCorr    .         Harm     .   c - +0 pair of gloves
MR       .....                  (no boots)
Stlth    ++++......             (no amulet)
HPRegen  0.19/turn              (no ring)
MPRegen  0.21/turn              u - ring of magical power

@: no status effects
A: distributed training, fangs 1, strong nose
a: Curse Item, Renounce Religion, Evoke Blink, Evoke Flight


You were on level 5 of the Dungeon.
You worshipped Ashenzari.
Ashenzari was noncommittal.
You were not hungry.

You visited 2 branches of the dungeon, and saw 6 of its levels.

You collected 241 gold pieces.
You spent 156 gold pieces at shops.

Inventory:

Hand Weapons
 h - the cursed +10 hand axe "Teiclem" (weapon) {pain, +Blink +Fly Stlth+}
   (You found it on level 4 of the Dungeon)

   In the hands of one skilled in necromantic magic, it inflicts extra damage on
   living creatures.
   It lets you fly.
   It lets you blink.
   It makes you more stealthy.
   It has a curse placed upon it.
Missiles
 e - 88 arrows
Armour
 a - a +0 robe (worn)
 b - a +0 hat (worn)
 c - a +0 pair of gloves (worn)
 f - a +0 buckler (worn)
 n - a scarf of cloud immunity (worn)
Jewellery
 u - a ring of magical power (right hand)
Scrolls
 i - a scroll of noise {unknown}
 l - a scroll of magic mapping
 m - 3 scrolls of amnesia {unknown}
 t - a scroll of teleportation {unknown}
 v - a scroll of random uselessness {unknown}
Potions
 g - 2 potions of haste
 j - a potion of ambrosia {unknown}
 k - a potion of heal wounds
 o - a potion of resistance {unknown}
 p - 4 potions of curing
 r - 2 potions of magic {unknown}
 w - a potion of invisibility
 x - 2 potions of lignification {unknown}
Comestibles
 d - 5 rations
 q - 2 chunks of flesh


   Skills:
 + Level 3.1 Fighting
 + Level 3.1 Short Blades
 + Level 3.1 Long Blades
 + Level 3.1 Axes
 + Level 3.1 Maces & Flails
 + Level 3.1 Polearms
 + Level 3.1 Staves
 + Level 3.1 Slings
 + Level 3.1 Bows
 + Level 3.1 Crossbows
 + Level 3.1 Throwing
 + Level 3.1 Armour
 + Level 5.6 Dodging
 + Level 5.2 Stealth
 + Level 3.1 Shields
 + Level 3.1 Unarmed Combat
 + Level 7.8 Spellcasting
 + Level 3.3 Conjurations
 + Level 2.5 Hexes
 + Level 2.5 Charms
 + Level 3.3 Summonings
 + Level 2.5 Necromancy
 + Level 3.3 Translocations
 + Level 2.5 Transmutations
 + Level 2.5 Fire Magic
 + Level 2.5 Ice Magic
 + Level 2.5 Air Magic
 + Level 2.5 Earth Magic
 + Level 2.5 Poison Magic
 + Level 3.4 Invocations
 + Level 3.1 Evocations


You had 9 spell levels left.
You knew the following spells:

 Your Spells              Type           Power        Failure   Level  Hunger
a - Magic Dart            Conj           ###.         2%          1    None
b - Blink                 Tloc           N/A          3%          2    None
c - Call Imp              Summ           ###.....     3%          2    None
d - Conjure Flame         Conj/Fire      ###.....     8%          3    None
e - Mephitic Cloud        Conj/Pois/Air  ###.....     9%          3    None
f - Sticks to Snakes      Tmut           ###.....     4%          2    None

Your spell library contained the following spells:

 Spells                   Type           Power        Failure   Level  Hunger
 Slow                     Hex            ###.....     4%          2    None
 Spider Form              Tmut/Pois      ###.......   10%         3    None
 Blade Hands              Tmut           ###.......   65%         5    #####..
 Ice Form                 Ice/Tmut       ###.....     30%         4    ###....
 Beastly Appendage        Tmut           ###...       3%          1    None


Dungeon Overview and Level Annotations

Branches:
Dungeon (5/15)             Temple (1/1) D:4

Altars:
Ashenzari
Dithmenos
Gozag
Ru
Trog
Yredelemnul
Zin

Shops:
D:4 !


Innate Abilities, Weirdness & Mutations

Your experience applies equally to all skills.
You have very sharp teeth.
Your uncanny sense of smell can sniff out nearby items.


Message History

Casting: Magic Dart (safe; 2% risk of failure)
Confirm with . or Enter, or press ? or * to list all spells.
Aiming: Magic Dart (safe; 2% risk of failure)
Press: ? - help, Shift-Dir - straight line, f/p - centaur
Aim: a centaur, wielding a shortbow (heavily wounded)
The magic dart hits the centaur.
The centaur is heavily wounded.
The centaur shoots an arrow.
The arrow hits you!
* * * LOW HITPOINT WARNING * * *
Your crimson imp hits the centaur.
Casting: Magic Dart (safe; 2% risk of failure)
Confirm with . or Enter, or press ? or * to list all spells.
Aiming: Magic Dart (safe; 2% risk of failure)
Press: ? - help, Shift-Dir - straight line, f/p - centaur
Aim: a centaur, wielding a shortbow (severely wounded)
The magic dart hits the centaur.
The centaur is severely wounded.
The centaur shoots an arrow.
The arrow closely misses you.
The centaur shoots an arrow.
The arrow hits you!
You die...

∆ .. .# .#
... .# ....
#####.#
....##.....#
...........#
...<.(....#
#+##..(...#
#..@[..#
#?..(.5##
+..†....##
#......(.#
###...5$.#
#(#.c..#
#<)....#
#(.....#
#(.).....#


You could see a centaur and 2 friendly crimson imps.

Vanquished Creatures
  Grinder (D:4)
  A hippogriff (D:5)
  Sigmund (D:3)
  A phantom (D:4)
  3 ogres
  4 orc priests (D:4)
  2 orc wizards (D:4)
  2 iguanas (D:4)
  3 gnolls (D:5)
  3 adders
  An ooze (D:4)
  2 worms
  A dart slug (D:2)
  A leopard gecko (D:4)
  14 orcs
  3 ball pythons
  4 giant cockroaches
  2 goblins
  A hobgoblin (D:1)
  10 jackals
  A quokka (D:2)
  7 bats
  3 frilled lizards
  4 kobolds
  5 rats
80 creatures vanquished.

Vanquished Creatures (collateral kills)
  3 gnolls (D:2)
  An adder (D:2)
4 creatures vanquished.

Grand Total: 84 creatures vanquished

Notes
Turn   | Place    | Note
-------+----------+-------------------------------------------
     0 | D:1      | Laiders72 the Gnoll Wizard began the quest for the Orb.
     0 | D:1      | Reached XP level 1. HP: 13/13 MP: 8/8
   208 | D:1      | Reached XP level 2. HP: 12/19 MP: 5/10
   927 | D:2      | Learned a level 2 spell: Blink
   930 | D:2      | Learned a level 2 spell: Call Imp
   937 | D:2      | Found a shadowy altar of Dithmenos.
   966 | D:2      | Reached XP level 3. HP: 19/25 MP: 7/11
  1457 | D:2      | Reached skill level 1 in Invocations
  1467 | D:2      | Reached skill level 1 in Fighting
  1467 | D:2      | Reached skill level 1 in Short Blades
  1467 | D:2      | Reached skill level 1 in Long Blades
  1467 | D:2      | Reached skill level 1 in Axes
  1467 | D:2      | Reached skill level 1 in Maces & Flails
  1467 | D:2      | Reached skill level 1 in Polearms
  1467 | D:2      | Reached skill level 1 in Staves
  1467 | D:2      | Reached skill level 1 in Slings
  1467 | D:2      | Reached skill level 1 in Bows
  1467 | D:2      | Reached skill level 1 in Crossbows
  1467 | D:2      | Reached skill level 1 in Throwing
  1467 | D:2      | Reached skill level 1 in Armour
  1467 | D:2      | Reached skill level 1 in Shields
  1467 | D:2      | Reached skill level 1 in Unarmed Combat
  1467 | D:2      | Reached skill level 1 in Evocations
  1519 | D:2      | Learned a level 3 spell: Conjure Flame
  1523 | D:2      | Learned a level 3 spell: Mephitic Cloud
  1589 | D:2      | Reached XP level 4. HP: 32/32 MP: 10/13
  2102 | D:3      | Noticed Sigmund
  2175 | D:3      | Killed Sigmund
  2175 | D:3      | Reached skill level 1 in Hexes
  2175 | D:3      | Reached skill level 1 in Charms
  2175 | D:3      | Reached skill level 1 in Necromancy
  2175 | D:3      | Reached skill level 1 in Transmutations
  2175 | D:3      | Reached skill level 1 in Fire Magic
  2175 | D:3      | Reached skill level 1 in Ice Magic
  2175 | D:3      | Reached skill level 1 in Air Magic
  2175 | D:3      | Reached skill level 1 in Earth Magic
  2175 | D:3      | Reached skill level 1 in Poison Magic
  2175 | D:3      | Reached XP level 5. HP: 27/38 MP: 0/14
  2175 | D:3      | Reached XP level 6. HP: 31/44 MP: 0/16
  2859 | D:4      | Found Fuet's Distillery.
  2888 | D:4      | Got a brightly glowing hand axe
  2889 | D:4      | Identified the +10 hand axe "Teiclem" {pain, +Blink +Fly Stlth+} (You found it on level 4 of the Dungeon)
  2909 | D:4      | Bought a potion of heal wounds for 60 gold pieces
  2909 | D:4      | Bought a potion of invisibility for 96 gold pieces
  3098 | D:4      | Reached skill level 5 in Dodging
  3400 | D:4      | Reached XP level 7. HP: 18/50 MP: 18/18
  3627 | D:4      | Found a staircase to the Ecumenical Temple.
  3661 | Temple   | Entered the Ecumenical Temple
  3667 | Temple   | Became a worshipper of Ashenzari the Shackled
  4184 | D:4      | Noticed Grinder
  4265 | D:4      | Reached skill level 5 in Stealth
  4362 | D:4      | Learned a level 2 spell: Sticks to Snakes
  4627 | D:4      | Killed Grinder
  4627 | D:4      | Reached XP level 8. HP: 39/57 MP: 19/19
  4733 | D:5      | Entered Level 5 of the Dungeon
  4798 | D:5      | Noticed a hippogriff
  4814 | D:5      | Killed a hippogriff
  4823 | D:5      | Shot with an arrow by a centaur

Vault maps used:
D:1:      mushboom_english_gardens
D:2:      serial_glass, glass_columns_b, glass_columns_a,
          grunt_dithmenos_smoke_and_mirrors
D:3:      first_ration, uniq_sigmund
D:4:      minmay_temple_entry_junction, serial_shops, shop_fountains,
          uniq_grinder
D:5:      kennysheep_little_box, overflow_temple_1_default,
          hangedman_decor_slide_cut, grunt_ministairs_11, minmay_misc_feat_room,
          cheibriados_altar_1
Temple:   eino_temple_rhombus

Skill      XL: |  1  2  3  4  5  6  7  8 |
---------------+-------------------------+-----
Conjurations   | 2 3 |  3.3
Summonings     | 2 3 |  3.3
Translocations | 2 3 |  3.3
Invocations    | 1 2 3 |  3.4
Fighting       | 1 2 3 |  3.1
Short Blades   | 1 2 3 |  3.1
Long Blades    | 1 2 3 |  3.1
Axes           | 1 2 3 |  3.1
Maces & Flails | 1 2 3 |  3.1
Polearms       | 1 2 3 |  3.1
Staves         | 1 2 3 |  3.1
Slings         | 1 2 3 |  3.1
Bows           | 1 2 3 |  3.1
Crossbows      | 1 2 3 |  3.1
Throwing       | 1 2 3 |  3.1
Armour         | 1 2 3 |  3.1
Shields        | 1 2 3 |  3.1
Unarmed Combat | 1 2 3 |  3.1
Evocations     | 1 2 3 |  3.1
Hexes          | 1 2 |  2.5
Charms         | 1 2 |  2.5
Necromancy     | 1 2 |  2.5
Transmutations | 1 2 |  2.5
Fire Magic     | 1 2 |  2.5
Ice Magic      | 1 2 |  2.5
Air Magic      | 1 2 |  2.5
Earth Magic    | 1 2 |  2.5
Poison Magic   | 1 2 |  2.5
Dodging        | 5 |  5.6
Stealth        | 5 |  5.2
Spellcasting   | |  7.8

Action                   |  1- 3 |  4- 6 |  7- 9 || total
-------------------------+-------+-------+-------++-------
Melee: Unarmed           |    23 |       |       ||    23
       Bite              |     1 |     3 |     2 ||     6
       Spear             |    30 |    24 |       ||    54
       Short sword       |     6 |       |       ||     6
       Hand axe          |       |    28 |    46 ||    74
       Trident           |       |     2 |       ||     2
 Cast: Magic Dart        |    45 |    52 |    62 ||   159
       Call Imp          |     4 |     2 |     8 ||    14
       Mephitic Cloud    |       |     5 |       ||     5
       Conjure Flame     |       |     3 |     3 ||     6
       Blink             |       |     2 |     4 ||     6
Invok: Curse Item        |       |       |     1 ||     1
  Use: Scroll            |       |     3 |     1 ||     4
       Potion            |       |     1 |       ||     1
 Stab: Sleeping          |       |     2 |     1 ||     3
       Confused          |       |     2 |       ||     2
  Eat: Chunk             |     2 |     5 |     5 ||    12
Armor: Robe              |    20 |     4 |     4 ||    28
Dodge: Dodged            |    60 |    31 |    25 ||   116
Block: Buckler           |     4 |     6 |    10 ||    20

Table legend:
 A = Spawn XP
 B = Non-spawn XP
 C = Spawn XP percentage of total XP
 D = Spawn monster count
 E = Non-spawn monster count
 F = Spawn count percentage of total count
 G = Total turns spent on level
                    A         B        C        D         E        F      G
               +---------+---------+-------+---------+---------+-------+---------
         Total |       0 |    1602 |   0.0 |       0 |      84 |   0.0 |  4823
               +---------+---------+-------+---------+---------+-------+---------
           D:1 |       0 |      16 |   0.0 |       0 |      12 |   0.0 |   816
           D:2 |       0 |      83 |   0.0 |       0 |      22 |   0.0 |  1012
           D:3 |       0 |     241 |   0.0 |       0 |      14 |   0.0 |  1027
           D:4 |       0 |     920 |   0.0 |       0 |      31 |   0.0 |  1860
           D:5 |       0 |     342 |   0.0 |       0 |       5 |   0.0 |    90
               +---------+---------+-------+---------+---------+-------+---------
